 Dungeon Crawl Stone Soup version 0.29-a0-559-g359e09b9d1 (webtiles) character file.

Game seed: 6751962388995159956

1964 Pelinal the Archer (level 9, 0/46 HPs)
             Began as a Deep Elf Arcane Marksman on June 10, 2022.
             Was a Follower of Kikubaaqudgha.
             Succumbed to a hornet's poison
             ... on level 7 of the Dungeon.
             The game lasted 00:13:57 (7037 turns).

Pelinal the Archer (Deep Elf Arcane Marksman)       Turns: 7037, Time: 00:13:58

Health: 0/46       AC:  7    Str:  7    XL:     9   Next: 0%
Magic:  9/13       EV: 13    Int: 19    God:    Kikubaaqudgha [*.....]
Gold:   94         SH:  0    Dex: 19    Spells: 7/11 levels left

rFire   . . .      SeeInvis .   a - +0 shortbow
rCold   . . .      Faith    .   (shield currently unavailable)
rNeg    . . .      Spirit   .   b - +0 robe
rPois   .          Reflect  .   f - +2 hat
rElec   .          Harm     .   (no cloak)
rCorr   .          Rampage  .   p - +2 pair of gloves {hurl}
Will    .....                   (no boots)
Stlth   ++........              (no amulet)
HPRegen 0.15/turn               (no ring)
MPRegen 0.13/turn               (no ring)

@: lethally poisoned (0 -> -13), hasted and slowed
A: no striking features
a: Renounce Religion, Unearth Wretches


You were on level 7 of the Dungeon.
You worshipped Kikubaaqudgha.
Kikubaaqudgha was aware of your devotion.
You visited 2 branches of the dungeon, and saw 8 of its levels.
You also visited: Sewer.

You collected 166 gold pieces.
You spent 72 gold pieces at shops.

Inventory:

Hand Weapons
 a - a +0 shortbow (weapon)
 i - a +2 short sword of speed
Missiles
 z - 2 atropa-tipped darts
 D - 22 poisoned darts
Armour
 b - a +0 robe (worn)
 f - a +2 hat (worn)
 g - a +0 helmet
 o - the +1 buckler "Ucipsor" {-Tele Int+2 Dex+3}
   (You found it on level 2 of the Dungeon)

   Int:       It affects your intelligence (+2).
   Dex:       It affects your dexterity (+3).
   -Tele:     It prevents most forms of teleportation.
 p - a +2 pair of gloves of hurling (worn)
Jewellery
 t - a ring of poison resistance
 A - a +4 ring of protection
 C - a ring of see invisible
Wands
 y - a wand of polymorph (4)
 B - a wand of iceblast (6)
Scrolls
 c - 2 scrolls of vulnerability
 e - 4 scrolls of fear
 h - a scroll of immolation {unknown}
 j - 2 scrolls of teleportation
 n - a scroll of poison {unknown}
 q - 2 scrolls of enchant armour {unknown}
 s - 3 scrolls of fog
 w - 2 scrolls of noise {unknown}
 x - a scroll of magic mapping {unknown}
Potions
 d - 2 potions of mutation {unknown}
 k - 2 potions of cancellation
 l - 2 potions of might
 m - 3 potions of attraction
 r - 2 potions of ambrosia
 v - a potion of degeneration {unknown}
 E - a potion of haste


   Skills:
 - Level 0.7 Fighting
 - Level 10.2 Bows
 + Level 4.0 Throwing
 - Level 2.4 Dodging
 - Level 2.0 Stealth
 - Level 1.5 Spellcasting
 - Level 4.0 Conjurations
 - Level 4.0 Hexes
 + Level 2.3 Necromancy
 - Level 3.8 Air Magic
 + Level 4.9 Evocations


You had 7 spell levels left.
You knew the following spells:

 Your Spells              Type           Power      Damage    Failure   Level
a - Slow                  Hex            64%        N/A       3%          1
b - Static Discharge      Conj/Air       16%        N/A       5%          2
c - Necrotize             Necr           40%        1d6       7%          1

Your spell library contained the following spells:

 Spells                   Type           Power      Damage    Failure   Level
 Sublimation of Blood     Necr           10%        N/A       10%         2
 Vampiric Draining        Necr           10%        2d6       21%         3
 Inner Flame              Hex/Fire       9%         N/A       24%         3
 Portal Projectile        Hex/Tloc       18%        N/A       24%         3
 Cause Fear               Hex            8%         N/A       34%         4
 Anguish                  Hex/Necr       6%         N/A       43%         4
 Lightning Bolt           Conj/Air       8%         1d20      69%         5
 Maxwell's Capacitive Co  Air            7%         ∞         100%        8


Dungeon Overview and Level Annotations

Branches:
Dungeon (7/15)             Temple (1/1) D:5           Sewer (visited)

Altars:
Ashenzari
Cheibriados
Dithmenos
Fedhas
Kikubaaqudgha
Nemelex Xobeh
Qazlal
Ru
Sif Muna
Trog
Uskayaw
Vehumet
Wu Jian
Xom
Yredelemnul
Zin

Shops:
D:4 [   D:7 ?

Annotations:
D:5 1 runed translucent door


Message History

Confirm with . or Enter, or press ? or * to list all spells.
The hornet is struck by an arc of lightning!
The hornet is severely wounded.
The lightning grounds out.
The hornet stings you.
* * * LOW HITPOINT WARNING * * *
You are lethally poisoned!
You feel as though you will be slow longer.
Unknown command.
Unknown command.
You feel better. The hornet stings you.
* * * LOW HITPOINT WARNING * * *
You suddenly lose the ability to move!
The hornet stings you but does no damage.
The hornet stings you.
* * * LOW HITPOINT WARNING * * *
You feel as though you will be slow longer.
The hornet stings you!
* * * LOW HITPOINT WARNING * * *
You feel as though you will be slow longer.
The hornet stings you.
* * * LOW HITPOINT WARNING * * *
You are lethally poisoned!
You feel as though you will be slow longer.
You can move again.
Unknown command.
Unknown command.
You feel better. The hornet stings you.
* * * LOW HITPOINT WARNING * * *
You are lethally poisoned!
You feel as though you will be slow longer.
Okay, then.
Casting: Static Discharge (safe; 5% risk of failure)
Confirm with . or Enter, or press ? or * to list all spells.
The hornet is struck by an arc of lightning.
The hornet is almost dead.
You are struck by an arc of lightning.
* * * LOW HITPOINT WARNING * * *
The lightning grounds out.
You die...
Kikubaaqudgha rasps: "You have failed me!
Welcome... death!"

###.## [..... ##
###. .. #. ###.
#.# ### #.#. #.#
..# ## #.. #.# ..#
.. #y###.# ..# #.
##@##.# ..# #.
##.###.# ..#
#..#.####.#### ..#
#............# ..#
###.#####.##.#####
..# #. #.##.#...#
..# #. #......#.#
..#
.......###.#...#
..####. #.##.##


You could see a hornet.

Vanquished Creatures
  Menkaure (D:4)
  A water moccasin (D:7)
  The ghost of DocClef the Covert, an amateur GnDe (D:5)
  3 black bears
  3 ogres
  A centaur (D:5)
  A kobold brigand (D:6)
  2 phantoms
  2 necrophages
  2 scorpions
  An orc priest (D:6)
  5 jellies
  3 hounds
  3 iguanas
  An orc wizard (D:6)
  12 adders
  2 river rats (D:5)
  A shadow imp (D:7)
  2 worms
  A dart slug (D:2)
  15 orcs
  6 bats
  7 endoplasms
  12 giant cockroaches
  5 goblins
  8 hobgoblins
  2 jackals (D:5)
  A quokka (D:2)
  9 ball pythons
  4 frilled lizards
  8 kobolds
  4 rats
129 creatures vanquished.

Notes
Turn   | Place    | Note
-------+----------+-------------------------------------------
     0 | D:1      | Pelinal the Deep Elf Arcane Marksman began the quest for
                  | the Orb.
     0 | D:1      | Reached XP level 1. HP: 11/11 MP: 5/5
    52 | D:1      | Reached skill level 3 in Bows
   272 | D:1      | Found a faded altar of an unknown god.
   465 | D:1      | Reached XP level 2. HP: 16/16 MP: 6/6
   538 | D:1      | Learned a level 2 spell: Static Discharge
   807 | D:2      | Identified the +1 buckler "Ucipsor" {-Tele Int+2 Dex+3}
   899 | D:2      | Found an ornate altar of the Wu Jian Council.
   918 | D:2      | Reached skill level 1 in Air Magic
   970 | D:2      | Reached skill level 1 in Conjurations
   970 | D:2      | Reached XP level 3. HP: 12/20 MP: 2/7
  1731 | D:3      | Reached XP level 4. HP: 21/24 MP: 0/8
  1834 | D:3      | Found a glowing drain.
  1849 | Sewer    | Entered a sewer
  1882 | Sewer    | Noticed Pargi
  2223 | D:3      | You fall into a shaft and drop 2 floors!
  2223 | D:5      | Entered Level 5 of the Dungeon
  2441 | D:4      | Noticed a black bear
  2451 | D:4      | Killed a black bear
  2452 | D:4      | Reached XP level 5. HP: 23/28 MP: 9/9
  2858 | D:3      | Reached XP level 6. HP: 33/33 MP: 10/10
  2983 | D:3      | Reached skill level 4 in Bows
  3287 | D:4      | Found Juxasap's Antique Armour Emporium.
  3433 | D:4      | Reached skill level 5 in Bows
  3500 | D:4      | Reached skill level 6 in Bows
  3910 | D:4      | Noticed Menkaure
  3916 | D:4      | Killed Menkaure
  3917 | D:4      | Reached skill level 7 in Bows
  3917 | D:4      | Reached XP level 7. HP: 37/37 MP: 8/11
  4937 | D:5      | Reached skill level 8 in Bows
  4939 | D:5      | Found a staircase to the Ecumenical Temple.
  5057 | Temple   | Entered the Ecumenical Temple
  5177 | Temple   | Became a worshipper of Kikubaaqudgha
  5235 | D:5      | Reached skill level 9 in Bows
  5265 | D:5      | Found a runed translucent door.
  5308 | D:5      | Found a runed translucent door.
  5314 | D:5      | Noticed DocClef's ghost (amateur GnDe)
  5333 | D:5      | Killed DocClef's ghost
  5334 | D:5      | Reached skill level 1 in Stealth
  5334 | D:5      | Reached skill level 1 in Evocations
  5334 | D:5      | Reached XP level 8. HP: 19/42 MP: 6/12
  5353 | D:5      | Reached skill level 10 in Bows
  5691 | D:6      | Reached skill level 1 in Throwing
  5898 | D:6      | Found a sparkling altar of Nemelex Xobeh.
  6535 | D:7      | Found Tuiby's Magic Scroll Emporium.
  6540 | D:7      | Bought a scroll of identify for 24 gold pieces
  6540 | D:7      | Bought a scroll of identify for 24 gold pieces
  6540 | D:7      | Bought a scroll of identify for 24 gold pieces
  6548 | D:7      | Reached * piety under Kikubaaqudgha
  6548 | D:7      | Received a gift from Kikubaaqudgha
  6573 | D:7      | Learned a level 1 spell: Necrotize
  6668 | D:7      | Reached skill level 1 in Necromancy
  6831 | D:7      | Reached XP level 9. HP: 46/46 MP: 10/13
  6881 | D:7      | Found a shadowy altar of Dithmenos.
  6985 | D:7      | Found a sacrificial altar of Ru.
  6985 | D:7      | Found a hide-covered altar of Uskayaw.
  7026 | D:7      | Paralysed by a hornet for 3 turns
  7033 | D:7      | Paralysed by a hornet for 3 turns
  7035 | D:7      | HP: 2/46 [hornet (2)]
  7037 | D:7      | Succumbed to a hornet's poison

Illustrated notes

Levels and vault maps discovered:
D:1:      dpeg_arrival_round_c, layout_basic, serial_glass, glass_columns_c,
          glass_columns_a, glass_columns_c, glass_columns_a, glass_columns_a,
          glass_columns_c, glass_columns_a, glass_columns_a, glass_columns_b,
          glass_columns_c, shapermc_ecumenical_altar_mp_highgroup,
          minmay_misc_feat_more_columns
D:2:      layout_basic, basic_altar
D:3:      layout_loops_ring, portal_sewer_entry_f, supply_closet_lemuel
D:4:      layout_loops_corners, serial_shops, shop, grunt_ministairs_4,
          uniq_menkaure
D:5:      layout_cave_pools, minmay_temple_entry_overgrown,
          ebering_ghost_sewer_f
D:6:      layout_basic, nemelex_dance_club_becter
D:7:      layout_loops_ring, nicolae_dithmenos_the_darkroom,
          gammafunk_temple_overflow_elements, serial_shops, shop,
          minmay_microvault
Temple:   minmay_temple_bridge_abc

Skill      XL: |  1  2  3  4  5  6  7  8 |
---------------+-------------------------+-----
Bows           | 3 7 9 10 | 10.2
Air Magic      | 1 2 3 |  3.8
Conjurations   | 1 2 3 4 |  4.0
Stealth        | 1 2 |  2.0
Evocations     | 1 4 |  4.9
Throwing       | 4 |  4.0
Necromancy     | 2 |  2.3
Fighting       | |  0.7
Dodging        | |  2.4
Spellcasting   | |  1.5
Hexes          | |  4.0

Action                   |  1- 3 |  4- 6 |  7- 9 || total
-------------------------+-------+-------+-------++-------
Melee: Short sword       |       |     5 |       ||     5
 Fire: Shortbow          |    90 |   120 |   149 ||   359
Throw: Dart              |       |       |     5 ||     5
 Cast: Slow              |     3 |     7 |       ||    10
       Static Discharge  |     8 |    24 |    36 ||    68
       Necrotize         |       |       |     2 ||     2
Evoke: Wand              |       |     4 |     9 ||    13
  Use: Scroll            |     5 |     1 |     7 ||    13
       Potion            |       |     1 |     9 ||    10
Armor: Robe              |     6 |    23 |    34 ||    63
Dodge: Dodged            |    26 |    49 |    82 ||   157

Table legend: (Time is in decaauts)
 A = Elapsed time spent in this place.
 B = Non-inter-level travel time spent in this place.
 C = Inter-level travel time spent in this place.
 D = Time resting spent in this place.
 E = Time spent auto-exploring this place.
 F = Levels seen in this place.
 G = Mean time per level.
                   A        B        C        D        E       F      G
               +--------+--------+--------+--------+--------+-----+--------+
         Total |   7080 |   6836 |    244 |   1395 |   4224 |   9 |  786.7 |
       Dungeon |   6876 |   6674 |    202 |   1311 |   4199 |   7 |  982.3 |
        Temple |    155 |    113 |     42 |     84 |     22 |   1 |  155.0 |
         Sewer |     48 |     48 |      0 |      0 |      3 |   1 |   48.0 |
               +--------+--------+--------+--------+--------+-----+--------+

Top non-repeatable levels by time:
     D:4: 1639 daAuts
     D:3: 1213 daAuts
     D:5: 1041 daAuts
     D:6: 842 daAuts
     D:2: 833 daAuts
     D:1: 778 daAuts
     D:7: 528 daAuts
  Temple: 155 daAuts
   Sewer: 48 daAuts
